Map: Acropolis LE

Players

TLO - Winner!

  • Race: Zerg Zerg
  • Spawn Location: 11:00

PengWin

  • Race: Zerg Zerg
  • Spawn Location: 5:00

Event: 2019 WCS Summer

VOD

Have the link to the VOD?

Description

Time

  • Played on: July 12, 2019, 7:43 a.m.
  • Length: 5:26

All games in this series

Show
View Real Time Build Order
Export as new Build Order

TLO Zerg - Winner!

Build Orders: Hatch First, Zergling Baneling 

Get SALT Encoding   

  12  0:00  Drone  
  13  0:12  Overlord  
  13  0:17  Drone  
  14  0:31  Drone x2  
  14  0:35  Drone  
  17  0:50  Hatchery  
  17  0:54  Drone  
  17  1:00  Drone  
  18  1:05  Extractor  
  17  1:13  Spawning Pool  
  17  1:15  Drone  
  17  1:18  Drone  
  18  1:31  Drone  
  19  1:49  Drone  
  20  1:55  Overlord  
  20  2:00  Queen  
  22  2:02  Queen  
  22  2:04  Zergling x4  
  22  2:06  Metabolic Boost  
  26  2:14  Drone x2  
  28  2:21  Drone  
  29  2:23  Drone  
  30  2:33  Drone  
  30  2:35  Drone  
  32  2:43  Drone, Hatchery  
  31  2:45  Drone  
  32  2:55  Overlord  
  32  2:58  Drone  
  32  3:08  Baneling Nest  
  32  3:09  Overlord  
  32  3:12  Zergling x8  
  35  3:17  Overlord  
  35  3:18  Zergling x2  
  36  3:20  Zergling x2  
  36  3:23  Zergling x2  
  36  3:25  Zergling x2  
  39  3:31  Queen  
  39  3:33  Zergling x2  
  42  3:39  Zergling x2  
  43  3:42  Zergling x6  
  43  3:45  Zergling x2  
  47  3:48  Zergling x2  
  47  3:51  Zergling x2  
  47  3:52  Zergling x2  
  47  3:53  Zergling x2  
  51  3:57  Zergling x2  
  51  3:58  Zergling x2  
  51  3:59  Zergling x2  
  51  4:01  Baneling x2  
  54  4:06  Baneling x5  
  54  4:08  Baneling x2  
  54  4:10  Zergling x2  
  54  4:15  Zergling x2  
  54  4:17  Zergling x4  
  58  4:22  Zergling x4  
  56  4:33  Baneling  
  56  4:35  Drone  
  56  4:36  Drone x3  
  56  4:37  Zergling x2  
  59  4:38  Zergling x2  
  59  4:39  Drone x2  
  59  4:41  Drone  
  59  4:43  Zergling x2  
  60  4:46  Drone  
  60  4:47  Drone  
  60  4:51  Zergling x2  
  63  4:54  Baneling x2  
  63  4:55  Baneling  
  63  4:57  Drone  
  62  5:02  Zergling x2  
Show
View Real Time Build Order
Export as new Build Order

PengWin Zerg 

Build Orders: Hatch First 

Get SALT Encoding   

  12  0:00  Drone  
  13  0:13  Overlord  
  13  0:17  Drone  
  14  0:31  Drone x2  
  14  0:35  Drone  
  17  0:52  Hatchery  
  17  0:54  Drone  
  17  0:57  Drone  
  17  1:02  Extractor  
  17  1:12  Spawning Pool  
  17  1:15  Drone  
  17  1:18  Drone  
  18  1:28  Drone  
  19  1:38  Overlord  
  19  1:53  Drone  
  20  1:56  Evolution Chamber  
  20  1:58  Queen  
  21  2:02  Zergling x2  
  21  2:05  Queen  
  24  2:09  Drone  
  24  2:11  Drone  
  24  2:15  Drone  
  27  2:22  Zerg Ground Armor Level 1  
  27  2:28  Drone x2  
  29  2:33  Zergling x2  
  29  2:45  Queen  
  29  2:46  Drone x2  
  29  2:49  Overlord  
  33  2:59  Metabolic Boost  
  33  3:00  Drone  
  33  3:01  Drone  
  35  3:06  Spine Crawler  
  35  3:09  Drone x2  
  36  3:16  Drone  
  36  3:17  Drone x2  
  39  3:20  Spine Crawler  
  39  3:26  Drone x3  
  41  3:36  Overlord  
  41  3:37  Overlord  
  41  3:40  Zergling x4  
  43  3:45  Lair  
  43  3:55  Extractor  
  43  3:58  Zergling x2  
  43  3:59  Zergling x10  
  48  4:07  Zergling x4  
  50  4:15  Queen, Spine Crawler  
  50  4:16  Spine Crawler  
  50  4:19  Zergling x2  
  50  4:21  Overlord x2  
  50  4:34  Zergling x10  
  41  4:47  Zergling x6  
  41  4:58  Zergling x2  
  31  5:06  Zergling x2  
  32  5:23  Extractor  
Tags
 
Add a new tag
Caveats
  • Supply blocks, unpowered buildings, or Contaminate may cause inaccurate times.
  • Supply counts are checked every 10 seconds.